 Dungeon Crawl Stone Soup version 0.21-a0-538-gd16b88a (webtiles) character file.

22735 zero the Covert (level 12, -2/62 HPs)
             Began as a Spriggan Enchanter on Dec 15, 2017.
             Was a High Priest of Vehumet.
             Engulfed by a steam dragon's steam (4 damage)
             ... on level 3 of the Lair of Beasts.
             The game lasted 00:33:17 (17272 turns).

zero the Covert (Spriggan Enchanter)               Turns: 17272, Time: 00:33:18

Health: -2/62      AC:  3    Str:  4    XL:     12   Next: 65%
Magic:  20/26      EV: 24    Int: 24    God:    Vehumet [*****.]
Gold:   570        SH: 10    Dex: 17    Spells: 18/30 levels left

rFire    . . .     SeeInvis +   u - +0 dagger (freeze)
rCold    . . .     Gourm    .   m - +0 buckler
rNeg     . . .     Faith    .   b - +0 robe
rPois    +         Spirit   .   (helmet restricted)
rElec    .         Reflect  +   B - +0 cloak {rPois}
rCorr    .         Harm     .   (gloves unavailable)
MR       ++...                  (boots unavailable)
Stlth    +++++.....             E - +3 amulet of reflection
HPRegen  0.20/turn              n - ring of wizardry
MPRegen  0.20/turn              j - +3 ring of intelligence

@: very quick
A: very small, unfitting armour, see invisible, herbivore 3, speed 3, slow
metabolism 2
a: Renounce Religion


You were on level 3 of the Lair of Beasts.
You worshipped Vehumet.
Vehumet was extremely pleased with you.
You were not hungry.

You visited 3 branches of the dungeon, and saw 15 of its levels.

You collected 570 gold pieces.

Inventory:

Hand Weapons
 u - a +0 dagger of freezing (weapon)
Armour
 b - a +0 robe (worn)
 m - a +0 buckler (worn)
 B - a +0 cloak of poison resistance (worn)
Magical Staves
 o - an uncursed staff of cold
 t - an uncursed staff of fire
 F - an uncursed staff of summoning {!a}
Jewellery
 e - a +3 ring of dexterity
 j - a +3 ring of intelligence (right hand)
 n - a ring of wizardry (left hand)
 E - a +3 amulet of reflection (around neck)
 K - an uncursed amulet of regeneration {unknown}
 O - an uncursed amulet of guardian spirit
 P - an uncursed ring of flight
Wands
 a - a wand of acid (8)
 w - a wand of paralysis (15)
 z - a wand of polymorph (9)
 M - a wand of iceblast (8)
Scrolls
 k - 4 scrolls of teleportation
 r - a scroll of fear
 v - 2 scrolls of remove curse
 y - 2 scrolls of brand weapon
 G - a scroll of amnesia
 N - a scroll of summoning {unknown}
Potions
 f - 2 potions of might
 g - 3 potions of heal wounds
 h - 3 potions of invisibility
 i - 8 potions of curing
 l - 2 potions of agility {unknown}
 p - 4 potions of mutation
 s - a potion of resistance {unknown}
 x - 2 potions of lignification {unknown}
 A - 2 potions of haste {unknown}
 C - a potion of magic
 L - 2 potions of brilliance {unknown}
Books
 c - a book of Maledictions

   Spells                             Type                      Level
   a - Corona                         Hexes                        1
   b - Ensorcelled Hibernation        Hexes/Ice                    2
   c - Confuse                        Hexes                        3
   d - Tukima's Dance                 Hexes                        3
   e - Dazzling Spray                 Conjuration/Hexes            3
 q - a book of Callings

   Spells                             Type                      Level
   a - Summon Small Mammal            Summoning                    1
   b - Call Imp                       Summoning                    2
   c - Call Canine Familiar           Summoning                    3
   d - Summon Guardian Golem          Hexes/Summoning              3
   e - Summon Lightning Spire         Summoning/Air                4
   f - Summon Ice Beast               Ice/Summoning                4
 D - a book of Misfortune

   Spells                             Type                      Level
   a - Confusing Touch                Hexes                        1
   b - Confuse                        Hexes                        3
   c - Gell's Gravitas                Translocation                3
   d - Petrify                        Transmutation/Earth          4
   e - Metabolic Englaciation         Hexes/Ice                    5
   f - Yara's Violent Unravelling     Hexes/Transmutation          5
Miscellaneous
 J - a phial of floods
Comestibles
 d - 7 bread rations
 H - 7 royal jellies
 I - 7 fruits


   Skills:
 + Level 6.6 Fighting
 + Level 10.5 Short Blades
 - Level 9.0 Dodging
 - Level 12.7 Stealth
 - Level 5.7 Shields
 + Level 9.8 Spellcasting
 * Level 2.2 Conjurations
 + Level 10.6 Hexes
 * Level 2.4 Fire Magic


You had 18 spell levels left.
You knew the following spells:

 Your Spells              Type           Power        Failure   Level  Hunger
a - Corona                Hex            ######.      1%          1    None
b - Ensorcelled Hibernat  Hex/Ice        #####.       1%          2    None
c - Confuse               Hex            ######..     1%          3    None
d - Bolt of Fire          Conj/Fire      ###.......   32%         6    ######.


Dungeon Overview and Level Annotations

Branches:
Dungeon (11/15)            Temple (1/1) D:4            Lair (3/6) D:8
  Swamp: Lair:2-4    Shoals: Lair:2-4     Snake: Lair:2-4    Spider: Lair:2-4
    Orc: D:9-12

Altars:
Ashenzari
Cheibriados
Dithmenos
Elyvilon
Fedhas
Gozag
Kikubaaqudgha
Makhleb
Nemelex Xobeh
Okawaru
Qazlal
Ru
Sif Muna
Trog
Uskayaw
Vehumet
Wu Jian
Xom
Yredelemnul
Zin

Shops:
D:7 ?   D:9 [

Annotations:
Lair:1 exclusion: 2 oklob plants


Innate Abilities, Weirdness & Mutations

You are very small and have problems with some larger weapons.
You are too small for most types of armour.
You have supernaturally acute eyesight. (SInv)
You are a herbivore.
You cover ground extremely quickly.
You need consume almost no food.


Message History

The steam dragon completely misses you. You block the steam dragon's attack.
Casting: Ensorcelled Hibernation
Confirm with . or Enter, or press ? or * to list all spells.
Aiming: Ensorcelled Hibernation
Press: ? - help, Shift-Dir - straight line, f/p - steam dragon
Aim: a steam dragon (catching its breath, chance to defeat MR: 65%)
The steam dragon resists with significant effort.
You are engulfed in a cloud of scalding steam.
* * * LOW HITPOINT WARNING * * *
The steam dragon bites you.
* * * LOW HITPOINT WARNING * * *
The steam dragon completely misses you.
Casting: Ensorcelled Hibernation
Confirm with . or Enter, or press ? or * to list all spells.
Aiming: Ensorcelled Hibernation
Press: ? - help, Shift-Dir - straight line, f/p - steam dragon
Aim: a steam dragon (chance to defeat MR: 65%)
The steam dragon looks drowsy...
You are engulfed in a cloud of scalding steam.
You die...

......†......##......# #...##
.............###.....####...##
.............####............#
#.###.#.##....##.§...........#
# ######...##..§..........#.
#P...###P§§§#...P...###
#...S§...§...#.##....#.
##...§§§....#.##.......
#...§@.§..............
#...D####............. #....#
#...####...... #....## #...##
#....##
#.....#####....###>...##
............<.P##P......
........................
........................
...................


You could see a steam dragon (sleeping) and a water moccasin.

Vanquished Creatures
  3 hydras
  Erica (D:10)
  A two-headed ogre (D:9)
  Pikel (D:6)
  Maurice (D:8)
  4 elephants (Lair:3)
  4 black mambas
  4 spiny frogs (Lair:1)
  4 komodo dragons
  4 rime drakes
  A troll (D:4)
  3 hornets
  3 hippogriffs (D:7)
  4 blink frogs
  Sigmund (D:3)
  Grum (D:8)
  Eustachio (D:6)
  A basilisk (Lair:2)
  10 yaks
  3 steam dragons
  A hungry ghost (D:9)
  Menkaure (D:6)
  Edmund (D:6)
  A soldier ant (D:9)
  5 water moccasins
  8 porcupines
  3 black bears (D:8)
  4 sky beasts
  5 orc warriors
  An ice beast (D:6)
  9 ogres
  3 eyes of draining (D:5)
  5 centaurs
  7 wolves
  6 crocodiles
  9 bullfrogs
  A gnoll sergeant (D:8)
  2 scorpions
  5 killer bees (D:7)
  5 wights (D:8)
  3 howler monkeys (D:10)
  4 crimson imps
  4 hounds
  4 orc priests
  18 orc wizards
  2 bullfrog skeletons
  Terence (D:3)
  An iguana (D:6)
  11 worker ants
  A killer bee zombie (D:10)
  2 hound skeletons
  A worker ant zombie (D:7)
  A howler monkey skeleton (D:8)
  14 gnolls
  11 adders
  A shadow imp (D:8)
  An adder zombie (D:5)
  5 worms
  A dart slug (D:1)
  4 leopard geckos
  43 orcs
  6 giant cockroaches
  11 goblins
  8 hobgoblins
  6 quokkas
  7 bats
  3 frilled lizards
  A jackal skeleton (D:4)
  5 kobolds
  A leopard gecko skeleton (D:6)
  A quokka skeleton (D:6)
  A quokka zombie (D:5)
  12 rats
332 creatures vanquished.

Vanquished Creatures (others)
  A slave (D:6)
  An orc wizard (D:6)
  3 orcs (D:6)
  A plant (Lair:1)
6 creatures vanquished.

Grand Total: 338 creatures vanquished

Notes
Turn   | Place    | Note
-------+----------+-------------------------------------------
     0 | D:1      | zero the Spriggan Enchanter began the quest for the Orb.
     0 | D:1      | Reached XP level 1. HP: 9/9 MP: 5/5
   296 | D:1      | Reached skill level 5 in Stealth
   296 | D:1      | Reached XP level 2. HP: 11/13 MP: 6/6
   304 | D:1      | Learned a level 2 spell: Ensorcelled Hibernation
  1222 | D:2      | Reached XP level 3. HP: 16/16 MP: 8/8
  1831 | D:2      | Reached skill level 1 in Shields
  2162 | D:2      | Reached XP level 4. HP: 15/21 MP: 6/9
  2288 | D:2      | Reached skill level 6 in Stealth
  2409 | D:2      | Found a deep blue altar of Sif Muna.
  2797 | D:3      | Noticed Terence
  2801 | D:3      | Killed Terence
  2806 | D:3      | Learned a level 3 spell: Confuse
  2886 | D:3      | Noticed Sigmund
  2893 | D:3      | Killed Sigmund
  2893 | D:3      | Reached skill level 7 in Stealth
  2893 | D:3      | Reached XP level 5. HP: 24/24 MP: 7/10
  2950 | D:3      | Reached XP level 6. HP: 26/28 MP: 11/11
  4099 | D:5      | Entered Level 5 of the Dungeon
  4243 | D:4      | Found a shimmering altar of Xom.
  4301 | D:4      | Noticed a troll
  4307 | D:4      | Killed a troll
  4307 | D:4      | Reached skill level 8 in Stealth
  4307 | D:4      | Reached XP level 7. HP: 32/32 MP: 9/12
  4494 | D:4      | Found a staircase to the Ecumenical Temple.
  4518 | Temple   | Entered the Ecumenical Temple
  4543 | Temple   | Became a worshipper of Vehumet
  4560 | D:4      | Reached skill level 5 in Short Blades
  4669 | D:4      | Found a burning altar of Makhleb.
  6004 | D:5      | Reached skill level 9 in Stealth
  6159 | D:5      | Found a sparkling altar of Nemelex Xobeh.
  6326 | D:5      | Reached XP level 8. HP: 36/36 MP: 10/13
  6465 | D:5      | Found a basalt altar of Yredelemnul.
  6580 | D:5      | Found a bloodstained altar of Trog.
  6589 | D:5      | Reached * piety under Vehumet
  6589 | D:5      | Offered knowledge of Sting by Vehumet.
  6736 | D:5      | Reached skill level 5 in Hexes
  6888 | D:5      | Reached skill level 5 in Spellcasting
  7044 | D:6      | Noticed Menkaure
  7063 | D:6      | Killed Menkaure
  7150 | D:6      | Noticed Edmund
  7233 | D:6      | Killed Edmund
  7251 | D:6      | Reached XP level 9. HP: 33/39 MP: 12/19
  7465 | D:6      | Found a hide-covered altar of Uskayaw.
  7474 | D:6      | Noticed Pikel
  7484 | D:6      | Killed Pikel
  7484 | D:6      | Reached skill level 5 in Shields
  7638 | D:7      | Offered knowledge of Freeze by Vehumet.
  7646 | D:7      | Reached ** piety under Vehumet
  8125 | D:6      | Noticed Eustachio
  8131 | D:6      | Killed Eustachio
  8578 | D:6      | Found an iron altar of Okawaru.
  8819 | D:7      | Reached skill level 1 in Fighting
  8925 | D:7      | Found Koexkox's Magic Scroll Shop.
  9077 | D:7      | Offered knowledge of Throw Frost by Vehumet.
  9087 | D:7      | Reached skill level 5 in Dodging
  9107 | D:7      | Reached XP level 10. HP: 46/46 MP: 17/22
  9550 | D:7      | Reached *** piety under Vehumet
 10288 | D:8      | Offered knowledge of Fulminant Prism by Vehumet.
 10317 | D:8      | Noticed Grum
 10363 | D:8      | Killed Grum
 10696 | D:8      | Noticed Maurice
 10711 | D:8      | Killed Maurice
 10741 | D:8      | Found a staircase to the Lair.
 11442 | D:9      | Found an ancient bone altar of Kikubaaqudgha.
 11487 | D:9      | Found a sparkling altar of Nemelex Xobeh.
 11500 | D:9      | Reached skill level 10 in Stealth
 11556 | D:9      | Found a glowing silver altar of Zin.
 11558 | D:9      | Found Ybues's Antique Armour Shop.
 11617 | D:9      | Noticed a two-headed ogre
 11621 | D:9      | Reached **** piety under Vehumet
 11654 | D:10     | Entered Level 10 of the Dungeon
 11798 | D:10     | Offered knowledge of Static Discharge by Vehumet.
 11814 | D:9      | Killed a two-headed ogre
 11814 | D:9      | Reached skill level 11 in Stealth
 11814 | D:9      | Reached XP level 11. HP: 37/54 MP: 18/23
 12298 | D:9      | Found a snail-covered altar of Cheibriados.
 12301 | D:9      | Found a shadowy altar of Dithmenos.
 12304 | D:9      | Found a shattered altar of Ashenzari.
 12813 | D:10     | Noticed Erica
 12820 | D:10     | Killed Erica
 12820 | D:10     | Reached skill level 12 in Stealth
 13285 | D:11     | Noticed a six-headed hydra
 13350 | Lair:1   | Entered Level 1 of the Lair of Beasts
 13494 | Lair:1   | Noticed a six-headed hydra
 13501 | Lair:1   | Killed a six-headed hydra
 13501 | Lair:1   | Reached skill level 5 in Fighting
 13521 | Lair:1   | Noticed an oklob plant
 13521 | Lair:1   | Noticed an oklob plant
 13587 | Lair:1   | Identified a scroll of acquirement
 15247 | Lair:2   | Reached XP level 12. HP: 60/60 MP: 25/25
 15549 | Lair:2   | Noticed a five-headed hydra
 15588 | Lair:1   | Killed a five-headed hydra
 15588 | Lair:1   | Reached skill level 10 in Hexes
 15805 | Lair:2   | Reached skill level 10 in Short Blades
 16119 | Lair:2   | Reached ***** piety under Vehumet
 16276 | Lair:2   | Noticed a six-headed hydra
 16283 | Lair:2   | Killed a six-headed hydra
 16283 | Lair:2   | Offered knowledge of Bolt of Fire by Vehumet.
 16291 | Lair:2   | Learned a level 6 spell: Bolt of Fire
 16640 | Lair:3   | Reached skill level 1 in Conjurations
 16640 | Lair:3   | Reached skill level 1 in Fire Magic
 17271 | Lair:3   | HP: 2/62 [steam dragon (5)]
 17272 | Lair:3   | Engulfed by a steam dragon's steam

Vault maps used:
D:1:      minmay_arrival_three_doors
D:2:      led_sif_pool, minmay_goblin_outpost
D:3:      first_bread, kennysheep_generic_room_9, uniq_terence, uniq_sigmund
D:4:      lemuel_round_altar, lemuel_doored_altar, minmay_temple_entry_mist,
          minmay_cupped
D:5:      yredelemnul_altar_generic, old_standard_altar, gup_sewer_entry_bowl,
          trog_eyes_of_draining
D:6:      kennysheep_mini_moat, eat_drink_and_be_merry_uskayaw, uniq_eustachio,
          uniq_edmund, uniq_menkaure, uniq_pikel
D:7:      serial_shops, shop_fountains
D:8:      kennysheep_steamy, lair_entry_dummy, uniq_grum, uniq_maurice
D:9:      overflow_temple_1_default, grunt_temple_overflow_cloverleaf,
          basic_altar, serial_shops, nicolae_shop_overgrown_old_shop,
          hangedman_pestilent_swarm
D:10:     uniq_erica
D:11:     cheibrodos_wizards_tower, uniq_josephine
Temple:   chequers_temple_sunken
Lair:1:   nzn_random_ring, grunt_megastairs_3, minmay_lair_oklob_chamber
Lair:2:   serial_bayou_shore_a, grunt_megastairs_2
Lair:3:   swamp_mist_pool, bobbens_dragon_lair_wall, uniq_urug

Skill      XL: |  1  2  3  4  5  6  7  8  9 10 11 12 |
---------------+-------------------------------------+-----
Stealth        | 5 7 8 9 11 12 | 12.7
Short Blades   | 2 4 5 7 9 10 | 10.5
Shields        | 1 2 3 4 5 |  5.7
Spellcasting   | 3 6 7 8 9 |  9.8
Hexes          | 4 6 8 9 10 | 10.6
Fighting       | 2 4 5 6 |  6.6
Dodging        | 5 9 |  9.0
Conjurations   | 2 |  2.2
Fire Magic     | 2 |  2.4

Action                   |  1- 3 |  4- 6 |  7- 9 | 10-12 || total
-------------------------+-------+-------+-------+-------++-------
Melee: Dagger            |   133 |   152 |   326 |   477 ||  1088
 Cast: Corona            |     9 |     7 |    13 |    13 ||    42
       Ensorcelled Hiber |    10 |    10 |    74 |   221 ||   315
       Confuse           |       |       |     3 |    13 ||    16
  Use: Potion            |     2 |       |       |     1 ||     3
       Scroll            |       |     6 |     6 |    10 ||    22
 Stab: Sleeping          |    14 |    19 |    53 |   136 ||   222
       Distracted        |       |     1 |     3 |     1 ||     5
       Confused          |       |       |     2 |    10 ||    12
  Eat: Royal jelly       |       |     1 |       |     3 ||     4
       Fruit             |       |       |     3 |       ||     3
       Bread ration      |       |       |     1 |       ||     1
Armor: Robe              |    12 |     7 |    25 |    23 ||    67
Dodge: Dodged            |   119 |    60 |   172 |   320 ||   671
Block: Buckler           |    22 |    54 |    90 |   174 ||   340

Table legend:
 A = Spawn XP
 B = Non-spawn XP
 C = Spawn XP percentage of total XP
 D = Spawn monster count
 E = Non-spawn monster count
 F = Spawn count percentage of total count
 G = Total turns spent on level
                    A         B        C        D         E        F      G
               +---------+---------+-------+---------+---------+-------+---------
         Total |       0 |   32479 |   0.0 |       0 |     332 |   0.0 | 17272
               +---------+---------+-------+---------+---------+-------+---------
           D:1 |       0 |      24 |   0.0 |       0 |      14 |   0.0 |  1192
           D:2 |       0 |      98 |   0.0 |       0 |      27 |   0.0 |  1461
           D:3 |       0 |     295 |   0.0 |       0 |      23 |   0.0 |  1430
           D:4 |       0 |     538 |   0.0 |       0 |      13 |   0.0 |  1853
           D:5 |       0 |    1393 |   0.0 |       0 |      33 |   0.0 |  1066
           D:6 |       0 |    1962 |   0.0 |       0 |      34 |   0.0 |  1539
           D:7 |       0 |    2257 |   0.0 |       0 |      37 |   0.0 |  1506
           D:8 |       0 |    2641 |   0.0 |       0 |      35 |   0.0 |  1271
           D:9 |       0 |    2968 |   0.0 |       0 |      33 |   0.0 |   996
          D:10 |       0 |    1847 |   0.0 |       0 |      13 |   0.0 |   992
        Lair:1 |       0 |    8658 |   0.0 |       0 |      30 |   0.0 |  2115
        Lair:2 |       0 |    4760 |   0.0 |       0 |      21 |   0.0 |  1500
        Lair:3 |       0 |    5038 |   0.0 |       0 |      19 |   0.0 |   307
               +---------+---------+-------+---------+---------+-------+---------
